 Dungeon Crawl Stone Soup version 0.28-a0-1429-gf3d713df7a (webtiles) character file.

Game seed: 8936493968761872350

76 croobank the Ducker (level 4, -11/44 HPs)
             Began as a Troll Monk on Jan 8, 2022.
             Was an Elder of Jiyva.
             Mangled by Crazy Yiuf (12 damage)
             ... on level 2 of the Dungeon.
             The game lasted 00:03:50 (1492 turns).

croobank the Ducker (Troll Monk)                    Turns: 1492, Time: 00:03:51

Health: -11/44     AC:  4    Str: 23    XL:     4   Next: 12%
Magic:  3/3        EV: 10    Int:  6    God:    Jiyva [****..]
Gold:   7          SH:  0    Dex: 12    Spells: 3/3 levels left

rFire   . . .      SeeInvis .   a - +0 hand axe
rCold   . . .      Faith    .   (no shield)
rNeg    . . .      Spirit   .   b - +0 robe
rPois   .          Reflect  .   (helmet restricted)
rElec   .          Harm     .   (no cloak)
rCorr   +          Rampage  .   (gloves unavailable)
Will    .....                   (boots unavailable)
Stlth   ++........              (no amulet)
HPRegen 2.22/turn               (no ring)
MPRegen 0.48/turn               (no ring)

@: slowed, very slow
A: large, unfitting armour, claws 3, regeneration 1, shaggy fur 1, tough skin 1,
sense surroundings 3, strong 1
a: Renounce Religion, Oozemancy, Slimify


You were on level 2 of the Dungeon.
You worshipped Jiyva.
Jiyva was greatly pleased with you.
You visited 1 branch of the dungeon, and saw 2 of its levels.

You collected 7 gold pieces.

Inventory:

Hand Weapons
 a - a +0 hand axe (weapon)
Missiles
 d - 26 sling bullets
Armour
 b - a +0 robe (worn)
 e - a +0 kite shield
Potions
 c - a potion of invisibility


   Skills:
 + Level 2.9 Fighting
 + Level 2.9 Axes
 + Level 2.9 Dodging
 + Level 1.5 Stealth


You had 3 spell levels left.
You didn't know any spells.
Your spell library was empty.

Dungeon Overview and Level Annotations

Branches:
Dungeon (2/15)

Altars:
Jiyva

Annotations:
D:2 Crazy Yiuf


Innate Abilities, Weirdness & Mutations

You are too large for most types of armour.
You have claws for hands.
Your natural rate of healing is unusually fast.
You are covered in fur. (AC +1)
You have tough skin. (AC +1)
You passively map a large area around you.
Your muscles are strong. (Str +2)


Message History

There is an open door here.
There is an open door here.
You swap places.
You swap places.
You swap places.
Crazy Yiuf shouts!
As you open the door, it creaks loudly!
Crazy Yiuf cries, "Race sing-song sow!"
You swap places.
Crazy Yiuf yells, "Liver!"
The jelly hits Crazy Yiuf.
Crazy Yiuf is splashed with acid.
The acid corrodes Crazy Yiuf!
You swap places.
Crazy Yiuf hits the jelly with a +4 quarterstaff of chaos!
Crazy Yiuf is burned by acid!
The jelly barely misses Crazy Yiuf.
Jiyva gurgles merrily.
Crazy Yiuf hits the jelly with a +4 quarterstaff of chaos!
Crazy Yiuf freezes the jelly.
The jelly dies!
Crazy Yiuf hits the jelly with a +4 quarterstaff of chaos!
Crazy Yiuf is burned by acid!
The jelly hits Crazy Yiuf.
Crazy Yiuf is splashed with acid.
Crazy Yiuf seems to be corroded for longer.
Crazy Yiuf hits the jelly with a +4 quarterstaff of chaos!
The jelly dies!
Crazy Yiuf completely misses you.
You barely miss Crazy Yiuf.
Crazy Yiuf is almost dead.
Crazy Yiuf hits you with a +4 quarterstaff of chaos!
Crazy Yiuf freezes you.
You hit Crazy Yiuf but do no damage.
Crazy Yiuf is almost dead.
Crazy Yiuf waves his quarterstaff at you.
Crazy Yiuf hits you with a +4 quarterstaff of chaos!
* * * LOW HITPOINT WARNING * * *
You feel yourself slow down.
Crazy Yiuf hits you with a +4 quarterstaff of chaos!
* * * LOW HITPOINT WARNING * * *
Space warps horribly around you!
You die...

.............#.#.#.###
##########...#.#.#.#
##########.#.#.#.#.#
.........########### ######...#
######### .........#
#######........ ##.##....# ###
###.#..#...##...# #.##....#
#...##..#.......##...# #.##J...#
#...g@####......##...# #.##....#
#)..### ##.#...##...# #.##....#
### #####.##...# ##.##....#
#.......# ...##..J.# ##.##...#
......#'############# ##.......'
#######.#........#..####.#.##...#
#......#................#J#.....
##...####.......#.#.####.#.......


You could see Crazy Yiuf (corroded).

Vanquished Creatures
  Natasha (D:2)
  2 adders (D:2)
  A worm (D:2)
  2 giant cockroaches (D:1)
  4 hobgoblins
  4 ball pythons
  A frilled lizard (D:2)
  3 kobolds
  A rat (D:2)
19 creatures vanquished.

Vanquished Creatures (others)
  2 jellies (D:2)
  Natasha (twice) (D:2)
  A gnoll (D:1)
  A worm (D:2)
  A dart slug (D:1)
  3 endoplasms
  A giant cockroach (D:1)
  A goblin (D:1)
  3 hobgoblins
  4 jackals (D:1)
  3 kobolds
  A bat (D:1)
  2 frilled lizards
  3 rats
  4 toadstools (D:1)
  5 withered plants (D:1)
37 creatures vanquished.

Grand Total: 56 creatures vanquished

Notes
Turn   | Place    | Note
-------+----------+-------------------------------------------
     0 | D:1      | croobank the Troll Monk began the quest for the Orb.
     0 | D:1      | Reached XP level 1. HP: 22/22 MP: 0/0
    14 | D:1      | Found a faded altar of an unknown god.
    27 | D:1      | Prayed at the altar of an unknown god.
    27 | D:1      | Became a worshipper of Jiyva Jeck the Shapeless
    27 | D:1      | Reached * piety under Jiyva
    27 | D:1      | Reached ** piety under Jiyva
   161 | D:1      | Reached *** piety under Jiyva
   166 | D:1      | Gained mutation: You passively map a small area around you.
                  | [Jiyva's grace]
   166 | D:1      | Gained mutation: You passively map the area around you.
                  | [Jiyva's grace]
   166 | D:1      | Gained mutation: You passively map a large area around you.
                  | [Jiyva's grace]
   166 | D:1      | Gained mutation: Your muscles are strong. (Str +2) [Jiyva's
                  | grace]
   377 | D:1      | Reached XP level 2. HP: 29/29 MP: 1/1
   738 | D:2      | Noticed Natasha
   745 | D:2      | Killed Natasha
   746 | D:2      | Reached XP level 3. HP: 31/36 MP: 2/2
   859 | D:2      | Noticed Natasha
   883 | D:2      | Killed Natasha
   969 | D:2      | Reached **** piety under Jiyva
   981 | D:2      | Killed Natasha
  1046 | D:2      | Found a runed translucent door.
  1047 | D:2      | Noticed Crazy Yiuf
  1199 | D:2      | Reached XP level 4. HP: 44/44 MP: 3/3
  1492 | D:2      | HP: 1/44 [Crazy Yiuf (12)]
  1492 | D:2      | Mangled by Crazy Yiuf

Illustrated notes

Levels and vault maps discovered:
D:1:      ldierk_water_garden, layout_basic, ebering_ecumenical_altar_petrified
D:2:      layout_basic, kennysheep_minor_cross, uniq_natasha,
          uniq_crazy_yiuf_cottage

Action                   |  1- 3 |  4- 6 || total
-------------------------+-------+-------++-------
Melee: Hand axe          |    73 |    11 ||    84
       Punch             |     1 |       ||     1
  Use: Potion            |     1 |       ||     1
Armor: Robe              |    17 |     2 ||    19
Dodge: Dodged            |    46 |     5 ||    51

Table legend: (Time is in decaauts)
 A = Elapsed time spent in this place.
 B = Non-inter-level travel time spent in this place.
 C = Inter-level travel time spent in this place.
 D = Time resting spent in this place.
 E = Time spent auto-exploring this place.
 F = Levels seen in this place.
 G = Mean time per level.
                   A        B        C        D        E       F      G
               +--------+--------+--------+--------+--------+-----+--------+
         Total |   1519 |   1490 |     29 |      0 |   1241 |   2 |  759.5 |
       Dungeon |   1519 |   1490 |     29 |      0 |   1241 |   2 |  759.5 |
               +--------+--------+--------+--------+--------+-----+--------+

Top non-repeatable levels by time:
     D:2: 902 daAuts
     D:1: 617 daAuts
